Map: 2000 Atmospheres LE

Players

HeroMarine - Winner!

  • Race: Terran Terran

Reynor

  • Race: Zerg Zerg

Event: DreamHack SC2 Masters Last Chance 2022

VOD

Have the link to the VOD?

Description

Time

  • Played on: Jan. 12, 2022, 9:55 a.m.
  • Length: 19:41

All games in this series

Show
View Real Time Build Order
Export as new Build Order

HeroMarine Terran - Winner!

Build Orders: Reaper Expand 

Get SALT Encoding   

  12  0:00  SCV  
  13  0:12  SCV  
  14  0:17  Supply Depot  
  14  0:24  SCV  
  15  0:38  SCV  
  15  0:40  Barracks  
  16  0:43  Refinery  
  16  0:50  SCV  
  17  1:03  SCV  
  18  1:15  SCV  
  19  1:26  Reaper  
  19  1:27  Orbital Command  
  20  1:40  Command Center  
  20  1:49  Supply Depot  
  20  1:52  SCV  
  21  1:58  Marine  
  22  2:04  SCV  
  23  2:12  Factory  
  23  2:16  SCV  
  25  2:23  Barracks Reactor  
  25  2:28  SCV  
  25  2:40  SCV, Command Center  
  26  2:52  SCV, Orbital Command  
  26  2:58  Starport  
  27  2:59  Refinery  
  27  3:05  SCV  
  28  3:08  Hellion  
  28  3:12  Hellion  
  32  3:17  SCV  
  32  3:19  SCV  
  34  3:21  Marine  
  35  3:29  Hellion, SCV  
  35  3:32  SCV  
  35  3:34  Hellion  
  41  3:41  SCV, Fusion Core  
  41  3:44  SCV  
  41  3:48  Starport Tech Lab  
  43  3:52  Refinery  
  43  3:53  SCV  
  46  3:56  SCV, Orbital Command  
  46  4:01  Hellion x2  
  49  4:08  SCV x2  
  51  4:10  Supply Depot  
  51  4:20  SCV  
  51  4:21  SCV  
  51  4:22  Supply Depot, SCV  
  54  4:25  Hellion  
  54  4:26  Hellion  
  58  4:32  Orbital Command  
  58  4:36  Battlecruiser  
  58  4:37  Barracks Tech Lab  
  58  4:38  SCV x2  
  65  4:44  Supply Depot  
  66  4:50  SCV x2  
  68  4:54  Barracks  
  68  4:56  Stimpack, Factory Reactor, Barracks  
  68  4:57  Marine  
  68  4:59  SCV  
  70  5:02  SCV  
  70  5:03  SCV  
  72  5:08  Supply Depot  
  72  5:13  SCV, Engineering Bay x2  
  73  5:14  SCV  
  73  5:16  SCV  
  73  5:18  Marine  
  76  5:24  Refinery  
  76  5:25  SCV  
  76  5:26  SCV  
  78  5:28  SCV  
  79  5:36  Marine  
  79  5:37  SCV  
  79  5:38  SCV, Factory Reactor  
  79  5:39  Terran Infantry Weapons Level 1, Terran Infantry Armor Level 1  
  79  5:40  SCV  
  83  5:45  Barracks  
  83  5:48  Starport Reactor, Marine, Barracks  
  83  5:49  SCV, Marine x2  
  87  5:50  SCV, Marine  
  87  5:52  SCV  
  90  5:59  Marine  
  90  6:01  SCV  
  90  6:02  SCV  
  89  6:04  SCV  
  89  6:06  Marine  
  89  6:07  Supply Depot  
  89  6:09  Supply Depot  
  91  6:11  Supply Depot  
  91  6:12  Marine x2  
  93  6:29  Widow Mine x2, SCV x2, Marine x2  
  93  6:30  Supply Depot  
  93  6:31  Medivac x2, SCV  
  106  6:33  Supply Depot  
  106  6:34  Barracks Reactor  
  106  6:35  Barracks Reactor, Combat Shield  
  106  6:41  SCV x2  
  106  6:43  SCV  
  106  6:44  Marine x2  
  106  6:45  Supply Depot  
  111  6:51  Widow Mine x2, Supply Depot  
  111  6:52  Marine x2  
  111  6:53  SCV x2, Marine, Armory  
  120  6:55  SCV  
  121  7:02  Marine x2  
  121  7:04  Medivac x2  
  121  7:05  SCV x2  
  121  7:07  SCV  
  130  7:09  Marine x2  
  130  7:10  Marine x2  
  130  7:11  Marine  
  130  7:13  Marine x2  
  137  7:17  SCV  
  137  7:19  Widow Mine x2, Marine  
  137  7:20  Marine  
  136  7:24  SCV  
  136  7:26  SCV  
  136  7:27  Marine x3  
  136  7:29  SCV  
  137  7:30  Marine x2  
  137  7:31  Marine x2  
  137  7:37  Factory, SCV, Marine x2  
  142  7:39  SCV  
  142  7:41  SCV  
  146  7:45  Marine x2  
  146  7:49  SCV, Marine  
  146  7:50  Marine  
  146  7:51  SCV  
  145  7:54  SCV  
  145  7:55  Marine x2  
  145  7:56  Marine  
  149  8:04  Medivac, Marine  
  149  8:05  Medivac, SCV, Marine  
  149  8:08  Marine x2  
  149  8:09  Marine x2  
  141  8:13  Marine x2  
  141  8:14  Widow Mine, Marine  
  146  8:22  Marine  
  146  8:23  Marine  
  146  8:25  Marine  
  146  8:26  Marine  
  146  8:27  Widow Mine, Marine x2  
  149  8:31  Terran Infantry Weapons Level 2, Marine x2  
  149  8:32  Marine  
  129  8:34  Medivac  
  129  8:35  Widow Mine, SCV x2  
  129  8:36  SCV  
  129  8:39  Marine  
  129  8:41  Marine  
  129  8:43  Marine x2  
  129  8:45  Marine x2  
  129  8:47  SCV x2  
  129  8:48  SCV  
  137  8:49  Marine x2  
  137  8:50  Marine  
  137  8:51  Widow Mine  
  137  8:53  Drilling Claws  
  138  8:57  Marine  
  138  8:59  SCV  
  138  9:00  SCV x2  
  138  9:01  Widow Mine x2, Medivac  
  148  9:06  Medivac  
  148  9:07  Marine  
  149  9:14  Supply Depot  
  149  9:16  Missile Turret  
  149  9:18  Supply Depot, SCV x3, Marine  
  149  9:20  Terran Infantry Armor Level 2  
  149  9:22  Marine  
  149  9:23  Marine  
  147  9:25  Marine x2  
  147  9:30  SCV  
  144  9:31  Medivac  
  144  9:33  Marine x2  
  144  9:35  Marine  
  144  9:37  Marine  
  149  9:39  Medivac, Marine  
  149  9:40  Marine x2  
  149  9:41  Widow Mine  
  149  9:43  Marine  
  157  9:45  Widow Mine  
  157  9:48  Marine  
  157  9:50  Command Center  
  157  9:57  Marine  
  157  9:58  Widow Mine  
  157  9:59  Marine  
  152  10:01  Medivac  
  152  10:02  Widow Mine, Marine x2  
  156  10:07  Widow Mine  
  156  10:09  Marine  
  156  10:11  Medivac  
  154  10:14  Marine  
  154  10:15  Marine x3  
  154  10:19  Widow Mine  
  153  10:24  Widow Mine  
  153  10:25  Marine x2  
  148  10:28  Widow Mine, SCV x2  
  148  10:31  Medivac  
  148  10:34  Marine x5  
  152  10:38  Marine  
  152  10:40  Widow Mine  
  152  10:42  Supply Depot  
  154  10:43  Marine, Orbital Command  
  154  10:44  Supply Depot  
  152  10:50  Marine x2  
  152  10:51  Marine  
  152  10:52  Marine  
  146  11:03  Widow Mine  
  146  11:04  Widow Mine  
  139  11:05  Marine  
  139  11:08  SCV x2, Marine x3  
  144  11:13  Marine x4  
  138  11:19  SCV  
  138  11:20  SCV x2, Marine  
  138  11:23  Marine  
  141  11:26  Marine x3  
  141  11:30  Marine  
  141  11:31  Marine x2  
  148  11:36  SCV x3, Marine  
  148  11:39  Widow Mine  
  145  11:47  Marine x2  
  145  11:48  SCV x3  
  145  11:49  Widow Mine x2  
  152  11:55  Medivac x2  
  152  11:58  Marine  
  152  12:00  SCV  
  155  12:03  Planetary Fortress  
  155  12:05  Marine  
  155  12:08  SCV  
  153  12:09  SCV  
  149  12:24  Marine x5  
  149  12:25  Liberator x2, Marine x2  
  149  12:28  Widow Mine  
  164  12:34  Marine x2  
  160  12:39  SCV  
  160  12:40  SCV  
  160  12:41  SCV, Marine  
  160  12:42  Marine x2  
  155  12:47  SCV  
  155  12:48  Widow Mine  
  158  12:55  Widow Mine  
  158  12:57  SCV  
  161  13:06  Widow Mine  
  161  13:08  Medivac, Marine  
  161  13:09  Marine x2  
  161  13:10  Widow Mine  
  164  13:13  Marine  
  164  13:14  Marine x2  
  164  13:19  Liberator  
  152  13:21  Marine x2  
  152  13:22  Marine  
  152  13:25  Marine  
  152  13:27  Marine x2  
  155  13:30  Marine  
  155  13:32  Widow Mine x2, Marine x2  
  164  13:38  Widow Mine  
  164  13:39  Marine x3  
  162  13:45  SCV x2  
  157  13:53  Widow Mine  
  157  13:54  SCV x2  
  157  13:57  SCV, Marine  
  157  13:58  Marine x7  
  157  14:01  Marine  
  155  14:15  Marine x8  
  160  14:18  Widow Mine x2  
  160  14:19  Marine  
  161  14:33  Marine x7  
  161  14:34  Terran Infantry Weapons Level 3  
  161  14:37  Terran Infantry Armor Level 3  
  164  14:46  Marine  
  164  14:50  Marine  
  164  14:51  Marine x2  
  164  14:58  Widow Mine, Marine x3  
  161  15:00  Widow Mine  
  161  15:02  Marine  
  161  15:03  Widow Mine  
  161  15:05  Marine x2  
  163  15:08  Marine  
  163  15:11  Marine  
  163  15:12  Marine  
  163  15:13  Medivac  
  163  15:14  Medivac  
  163  15:16  Marine  
  163  15:17  Marine  
  163  15:19  Widow Mine, Missile Turret  
  163  15:21  Supply Depot  
  150  15:22  Widow Mine  
  150  15:23  Marine x2  
  150  15:24  Widow Mine, Marine x2  
  150  15:28  Marine  
  152  15:33  Marine  
  144  15:37  SCV x2  
  144  15:41  Widow Mine  
  145  15:43  Widow Mine, Medivac  
  145  15:44  Medivac, Marine x2  
  145  15:46  Widow Mine, Marine  
  145  15:48  Marine  
  141  15:58  Marine x2  
  141  16:02  Widow Mine  
  141  16:03  Marine  
  148  16:05  Widow Mine  
  148  16:07  Marine x2  
  148  16:08  Marine  
  153  16:13  Marauder  
  153  16:15  Widow Mine  
  153  16:18  SCV x3  
  158  16:20  Barracks Tech Lab  
  158  16:22  Marine  
  158  16:23  Widow Mine  
  156  16:26  Widow Mine  
  156  16:29  Orbital Command  
  156  16:30  SCV x3  
  161  16:33  Medivac  
  161  16:36  Medivac  
  161  16:37  Widow Mine  
  165  16:42  SCV x3  
  165  16:45  Widow Mine  
  170  16:47  Widow Mine  
  172  17:01  Supply Depot x2  
  172  17:03  SCV  
  172  17:08  SCV  
  172  17:09  SCV  
  172  17:13  SCV  
  171  17:17  Widow Mine  
  171  17:18  Marauder  
  171  17:19  Barracks Tech Lab  
  171  17:20  Marauder  
  171  17:22  Liberator  
  159  17:38  Marauder  
  159  17:39  Widow Mine x2  
  159  17:40  Marauder  
  159  17:41  Marauder, Widow Mine  
  159  17:43  SCV  
  159  17:44  SCV x2  
  173  17:45  SCV  
  174  17:56  SCV x3  
  174  17:57  SCV  
  178  17:59  Marauder  
  178  18:00  Widow Mine x2, Concussive Shells  
  178  18:01  Marauder  
  178  18:02  Medivac  
  188  18:08  Marauder  
  188  18:16  Medivac  
  188  18:27  Supply Depot, Command Center  
  188  18:28  Supply Depot  
  188  18:34  Barracks x2  
  188  18:37  Barracks  
  188  18:39  Marine x2  
  188  18:40  Marauder, Marine x2  
  188  18:45  Refinery x2  
  187  18:50  Marauder, Widow Mine, Marine  
  187  18:54  Widow Mine  
  187  18:55  Widow Mine  
  194  18:57  Marine x2  
  194  19:00  Marine  
  183  19:06  Marine x2  
  183  19:08  Marine  
  182  19:11  Marine  
  182  19:12  Widow Mine  
  182  19:15  Marine x2  
  182  19:16  Widow Mine, SCV  
  188  19:17  SCV  
  188  19:18  Refinery x2, Marine  
  188  19:21  Marine x2  
  191  19:24  Barracks Tech Lab  
Show
View Real Time Build Order
Export as new Build Order

Reynor Zerg 

Build Orders: Hatch First 

Get SALT Encoding   

  12  0:00  Drone  
  13  0:12  Overlord  
  13  0:16  Drone  
  14  0:30  Drone x2  
  16  0:47  Hatchery  
  15  0:50  Drone  
  15  0:54  Drone  
  17  0:57  Drone  
  18  1:08  Extractor  
  17  1:12  Spawning Pool  
  17  1:15  Drone  
  17  1:18  Drone  
  18  1:27  Drone  
  19  1:38  Drone  
  20  1:49  Overlord  
  20  1:59  Queen x2  
  20  2:00  Zergling x4  
  26  2:11  Drone x2, Metabolic Boost  
  28  2:22  Drone x2  
  30  2:34  Hatchery  
  29  2:37  Drone  
  29  2:40  Drone  
  29  2:43  Drone  
  32  2:48  Overlord  
  32  2:53  Queen  
  32  2:56  Drone  
  35  2:59  Drone  
  35  3:04  Pneumatized Carapace  
  36  3:07  Drone x2  
  36  3:09  Drone  
  39  3:13  Overlord  
  39  3:15  Drone  
  39  3:17  Drone  
  41  3:20  Drone  
  41  3:25  Drone  
  43  3:28  Drone  
  43  3:31  Queen  
  46  3:35  Drone  
  46  3:39  Overlord  
  46  3:40  Drone x2  
  49  3:46  Queen  
  49  3:47  Overlord  
  51  3:50  Drone  
  51  3:51  Drone  
  53  3:56  Queen  
  53  4:00  Drone x2  
  57  4:03  Zergling x2  
  57  4:08  Overlord  
  59  4:10  Drone x2  
  59  4:11  Drone x2  
  59  4:14  Drone  
  63  4:19  Queen, Overlord  
  63  4:21  Zergling x2  
  66  4:24  Queen  
  66  4:26  Baneling Nest  
  66  4:29  Drone x2  
  66  4:30  Drone  
  70  4:36  Overlord  
  70  4:41  Drone x2  
  70  4:42  Queen  
  70  4:43  Drone x2  
  76  4:46  Zergling x8  
  76  4:50  Zergling x6  
  83  4:54  Overlord  
  83  4:56  Spore Crawler  
  83  4:57  Spore Crawler  
  81  5:00  Lair  
  81  5:04  Drone x3  
  81  5:05  Spore Crawler  
  83  5:07  Zergling x2  
  83  5:10  Zergling x4  
  83  5:12  Drone x3  
  83  5:13  Drone  
  90  5:14  Baneling x3  
  90  5:15  Drone  
  90  5:16  Drone  
  90  5:20  Overlord  
  92  5:24  Drone x2, Extractor  
  92  5:25  Extractor  
  92  5:30  Drone x2  
  92  5:31  Drone x2  
  92  5:33  Overlord  
  92  5:35  Drone  
  97  5:40  Drone  
  98  5:44  Drone  
  98  5:45  Evolution Chamber  
  98  5:47  Drone  
  98  5:48  Evolution Chamber  
  98  5:49  Hatchery  
  97  5:50  Overlord  
  97  5:51  Drone x3  
  97  5:56  Drone x3  
  99  5:57  Drone x2  
  100  6:05  Drone x2, Overlord  
  100  6:08  Zergling x4, Extractor x2  
  100  6:11  Zergling x2  
  102  6:14  Zerg Ground Armor Level 1, Zerg Melee Weapons Level 1  
  102  6:17  Drone  
  100  6:19  Drone x2  
  101  6:29  Zergling x10  
  101  6:31  Overlord  
  101  6:32  Drone  
  106  6:34  Queen  
  106  6:35  Overlord  
  108  6:41  Zergling x2  
  108  6:44  Zergling x4  
  109  6:48  Baneling x4  
  109  6:50  Drone  
  109  6:51  Drone x2  
  109  6:52  Drone, Queen  
  109  6:53  Centrifugal Hooks  
  115  6:54  Spore Crawler  
  115  6:56  Drone x4  
  115  6:57  Drone  
  119  7:01  Overlord  
  119  7:04  Drone  
  119  7:05  Drone x2  
  119  7:06  Drone  
  119  7:07  Drone x2  
  125  7:09  Queen  
  127  7:17  Zergling x6  
  127  7:21  Hatchery  
  126  7:23  Zergling x2  
  126  7:24  Zergling x8  
  126  7:28  Baneling x3  
  126  7:29  Queen x2  
  128  7:32  Drone x3  
  128  7:33  Zergling x2  
  128  7:36  Zergling x2  
  135  7:38  Queen  
  135  7:40  Zergling x4  
  135  7:42  Baneling x6  
  138  7:48  Zergling x4  
  123  7:51  Zergling x4  
  123  7:52  Zergling x2  
  123  7:53  Zergling x4  
  123  7:54  Baneling x7, Queen  
  123  7:56  Zergling x2  
  127  7:59  Zergling x2  
  127  8:00  Zergling x4  
  127  8:01  Zergling x2  
  127  8:04  Drone x2, Queen  
  127  8:05  Queen  
  124  8:08  Zergling x8  
  124  8:11  Baneling x6  
  124  8:12  Zergling x2  
  125  8:14  Queen  
  125  8:16  Baneling x4  
  125  8:17  Baneling, Zergling x4  
  122  8:20  Baneling  
  122  8:21  Baneling x3  
  113  8:28  Zergling x12  
  113  8:29  Zergling x2  
  114  8:35  Zergling x6  
  114  8:36  Overseer  
  114  8:40  Zergling x2  
  114  8:43  Zergling x2  
  114  8:45  Drone x7  
  120  8:51  Zergling x8  
  120  8:54  Zergling x2  
  125  8:56  Zergling x4  
  125  8:58  Queen  
  125  8:59  Spore Crawler x2  
  125  9:01  Zergling x2  
  125  9:02  Baneling x2, Zerg Ground Armor Level 2  
  125  9:03  Zerg Melee Weapons Level 2  
  125  9:05  Zergling x4  
  125  9:09  Zergling x4  
  129  9:15  Zergling x2  
  130  9:18  Zergling x4  
  130  9:19  Zergling x6  
  130  9:20  Zergling x6, Queen  
  133  9:33  Zergling x14  
  133  9:34  Baneling x4  
  133  9:35  Baneling x9  
  133  9:36  Baneling x4  
  138  9:40  Zergling x4  
  138  9:42  Zergling x2  
  138  9:43  Queen  
  143  9:46  Drone  
  143  9:49  Drone x2  
  143  9:53  Zergling x2  
  143  9:57  Zergling x2  
  138  10:01  Zergling x2  
  138  10:02  Zergling x2  
  138  10:03  Baneling x4  
  138  10:06  Zergling x4  
  135  10:11  Zergling x6  
  135  10:12  Queen  
  134  10:14  Zergling x6  
  134  10:18  Zergling x2  
  134  10:20  Queen  
  135  10:21  Baneling  
  135  10:22  Baneling x3  
  135  10:23  Overlord  
  135  10:27  Zergling x2  
  135  10:28  Zergling x4  
  132  10:30  Baneling  
  132  10:31  Baneling x8  
  132  10:32  Zergling x4  
  132  10:37  Zergling x4  
  132  10:38  Zergling x4  
  132  10:41  Baneling x8  
  132  10:42  Zergling x2  
  135  10:44  Queen x2  
  135  10:45  Zergling x4  
  135  10:48  Zergling x2, Queen  
  142  10:50  Zergling x2  
  142  10:53  Zergling x2  
  142  10:56  Zergling x2  
  123  11:04  Zergling x6  
  123  11:06  Zergling x4  
  123  11:09  Zergling x6  
  119  11:13  Zergling x2  
  119  11:15  Zergling x4  
  120  11:23  Zergling x4  
  121  11:27  Zergling x4  
  121  11:29  Hatchery, Queen  
  121  11:31  Zergling x2  
  121  11:32  Queen  
  127  11:34  Zergling x2  
  127  11:36  Overseer  
  127  11:38  Baneling x3  
  127  11:40  Zergling x4  
  127  11:42  Zergling x2  
  127  11:44  Zergling x2  
  128  11:48  Zergling x4  
  128  11:52  Zergling x12  
  133  11:55  Zergling x2  
  133  12:01  Zergling x10  
  127  12:04  Zergling x8  
  127  12:06  Queen  
  127  12:08  Zergling x2  
  129  12:10  Zergling x4  
  129  12:12  Overseer, Zergling x2  
  130  12:17  Baneling x12  
  130  12:18  Zergling x2  
  128  12:24  Zergling x6  
  128  12:27  Queen x2  
  128  12:28  Infestation Pit  
  133  12:30  Zergling x2  
  133  12:33  Zergling x6  
  126  12:39  Zergling x2  
  126  12:42  Zergling x4  
  126  12:43  Queen x2  
  125  12:48  Zergling x6  
  125  12:51  Zergling x4  
  130  12:54  Zergling x4  
  130  12:56  Baneling x10  
  131  12:59  Queen  
  131  13:00  Zergling x18  
  131  13:02  Zergling x2  
  137  13:05  Zergling x2  
  137  13:09  Hive  
  137  13:12  Zergling x2  
  127  13:13  Zergling x6  
  127  13:17  Zergling x10  
  127  13:18  Burrow  
  127  13:19  Drone  
  133  13:21  Drone  
  132  13:33  Drone x5  
  133  13:36  Zergling x2  
  133  13:39  Overlord  
  133  13:47  Zergling x10  
  133  13:51  Zergling x4  
  133  13:52  Zergling x2  
  133  13:56  Overlord x2  
  133  13:57  Overlord  
  133  14:00  Zergling x2  
  133  14:01  Zergling x6  
  136  14:04  Zergling x2  
  136  14:06  Zergling x4  
  136  14:13  Baneling x6, Overlord  
  136  14:14  Hatchery  
  130  14:17  Zergling x2  
  130  14:18  Zergling x6  
  130  14:21  Zergling x4  
  134  14:28  Zergling x4  
  136  14:33  Ultralisk Cavern  
  136  14:35  Zergling x10, Baneling  
  136  14:36  Baneling x7  
  140  14:40  Zergling x4  
  120  14:54  Zergling x16  
  120  14:57  Zergling x2  
  120  14:59  Zergling x2  
  124  15:01  Zergling x2  
  124  15:05  Baneling x2  
  118  15:07  Queen x2  
  118  15:09  Zergling x14  
  118  15:11  Zergling x2  
  127  15:14  Zergling x2  
  127  15:15  Zergling x2  
  127  15:16  Zergling x4  
  127  15:17  Zergling x2  
  122  15:26  Ultralisk x2  
  122  15:27  Queen x2  
  124  15:31  Zergling x6  
  119  15:36  Zergling x10  
  122  15:47  Zergling x12  
  109  15:59  Zergling x6  
  109  16:00  Zergling x6  
  109  16:02  Zergling x8  
  113  16:05  Zergling x2  
  114  16:13  Queen x3  
  114  16:14  Drone x2  
  114  16:15  Drone x3  
  114  16:16  Drone  
  114  16:17  Drone x2  
  127  16:19  Drone  
  127  16:29  Zergling x8  
  127  16:32  Overseer  
  127  16:33  Baneling x6  
  127  16:34  Zergling x8  
  127  16:37  Zergling x8  
  135  16:40  Ultralisk Cavern  
  133  16:52  Baneling x5  
  133  16:54  Drone x5, Queen  
  137  17:00  Zergling x10  
  141  17:04  Zergling x8  
  141  17:07  Zergling x6  
  148  17:14  Zergling x12  
  146  17:17  Overlord  
  146  17:21  Zergling x2  
  146  17:22  Zergling x2  
  144  17:23  Baneling x6  
  144  17:25  Overseer x3  
  132  17:39  Infestor, Hatchery  
  133  17:46  Extractor x2  
  131  17:53  Overseer  
  131  17:55  Drone x4  
  131  17:56  Drone x3  
  137  18:04  Queen x2  
  141  18:08  Chitinous Plating  
  135  18:12  Drone  
  135  18:13  Drone x6  
  135  18:16  Zergling x10  
  141  18:21  Zergling x6  
  142  18:31  Baneling x2  
  139  18:34  Baneling  
  139  18:35  Baneling x6, Zergling x2  
  139  18:36  Zergling x16  
  139  18:39  Zergling x4  
  138  18:42  Zergling x6  
  138  18:46  Zergling x6  
  134  18:50  Zergling x6  
  134  18:52  Zergling x2  
  134  19:02  Zergling x6  
  120  19:07  Zergling x6  
  120  19:09  Zergling x6  

Tags
 
Add a new tag
Caveats
  • Supply blocks, unpowered buildings, or Contaminate may cause inaccurate times.
  • Supply counts are checked every 10 seconds.